[Event "Early-Titled-Tuesday-Blitz-May-28-2024"]
[Site "Chess.com"]
[Date "2024.05.28"]
[Round "2"]
[White "jumpingknight20"]
[Black "Qvalda"]
[Result "1-0"]
[WhiteElo "2772"]
[BlackElo "2413"]
[TimeControl "180+1"]
[EndTime "8:17:17 PDT"]
[Termination "jumpingknight20 won on time"]

1. d3 d5 2. Nf3 Nf6 3. g3 Nc6 4.
Bg2 e5 5. O-O Be7 6. a3 a5 7. e4 dxe4 8. dxe4 Qxd1 9. Rxd1 Bg4 10.
Re1 O-O-O 11. h3 Bxf3 12. Bxf3 Nd4 13. Bd1 Nxe4 14. Rxe4 Nb3 15. Bg4+ f5 16. cxb3 fxg4 17. Nc3 gxh3 18. Be3 h5 19. Rxe5 Bf6 20. Rxa5 g5 21.
Ra8+ Kd7 22. Rd1+ Ke6 23. Raxd8 Rxd8 24. Rxd8 Bxd8 25. Ne4 Kf5 26. Nxg5 Bxg5 27. Bxg5 Kxg5 28. f3 Kf5 29. Kh2 Ke5 30. Kxh3 Kd4 31. g4 hxg4+ 32. fxg4 Ke5 33. Kh4 Kf6 34. Kh5 1-0

[Event "Early-Titled-Tuesday-Blitz-May-28-2024"]
[Site "Chess.com"]
[Date "2024.05.28"]
[Round "2"]
[White "Al_Shima"]
[Black "ritanovikova"]
[Result "1-0"]
[WhiteElo "2479"]
[BlackElo "2174"]
[TimeControl "180+1"]
[EndTime "8:17:17 PDT"]
[Termination "Al_Shima won by resignation"]

1. b3 Nf6 2. Bb2 g6 3. Bxf6 exf6 4. c4 Bg7 5. Nc3 O-O 6. Rc1 f5 7. g3 Nc6 8. Bg2 Ne7 9. e3 c6 10. Nge2 d5 11. cxd5 Nxd5 12. Nxd5 cxd5 13. d4 Be6 14.
O-O Qd7 15. h4 Rac8 16. Qd3 Rxc1 17. Rxc1 Rc8 18. Rxc8+ Qxc8 19. Nf4 Bh6 20. Bxd5 Bxf4 21. Bxe6 Qc1+ 22. Kg2 Bc7 23. Bc4 Ba5 24. d5 a6 25.
d6 b5 26. Bd5 Qc8 27. Bf3 Qd7 28. Qd5 Bb4 29. Qa8+ Kg7 30. Qxa6 Bxd6 31. Bc6 Qe7 32. Qxb5 h6 33. a4 g5 34. hxg5 hxg5 35. Qxf5 f6 36. a5 Qc7 37. Qd7+ Qxd7 38. Bxd7 Bc5 39. Kf3 Kf7 40. Ke4 Ke7 41. Kd5 Ba7 42. Bf5 Kd8 43. Kc6 1-0

[Event "Early-Titled-Tuesday-Blitz-May-28-2024"]
[Site "Chess.com"]
[Date "2024.05.28"]
[Round "2"]
[White "Larina_Maria"]
[Black "RobertJFischer71"]
[Result "0-1"]
[WhiteElo "2383"]
[BlackElo "2637"]
[TimeControl "180+1"]
[EndTime "8:17:18 PDT"]
[Termination "RobertJFischer71 won on time"]

1. e4 e5 2. Nf3 Nc6 3. Nc3 Nf6 4. Bb5 a6 5. Bxc6 dxc6 6. Nxe5 Bc5 7. O-O Bd4 8. Nf3 Bxc3 9. bxc3 O-O 10. e5 Nd5 11. h3 b5 12. Re1 Re8 13. Bb2 c5 14. c4 bxc4 15. Ba3 Nb4 16. Bxb4 cxb4 17. Qe2 Be6 18. d4 h6 19. Red1 Qd5 20. Qe3 Bf5 21. c3 a5 22.
Rac1 Rab8 23. Nd2 b3 24. axb3 cxb3 25. c4 Qb7 26. f3 b2 27. Rb1 Bxb1 28. Rxb1 a4 29.
Qa3 Qb4 30. Qxb4 Rxb4 0-1

[Event "Early-Titled-Tuesday-Blitz-May-28-2024"]
[Site "Chess.com"]
[Date "2024.05.28"]
[Round "2"]
[White "FairChess_on_YouTube"]
[Black "dmosesov"]
[Result "1-0"]
[WhiteElo "3080"]
[BlackElo "2641"]
[TimeControl "180+1"]
[EndTime "8:17:19 PDT"]
[Termination "FairChess_on_YouTube won by checkmate"]

1. d4 Nf6 2. c4 e6 3. Nf3 c5 4. Nc3 cxd4 5. Nxd4 Nc6 6. e4 Bb4 7. Nxc6 bxc6 8. Bd3 e5 9. O-O O-O 10. Be3 d6 11. h3 Be6 12. Qa4 Bxc3 13. bxc3 d5 14.
exd5 cxd5 15. c5 Qc7 16. Rab1 Rfb8 17. c6 d4 18. cxd4 Nd5 19. Bd2 exd4 20. Qxd4 Qxc6 21.
Be4 Rxb1 22. Rxb1 Qd7 23. Qe5 Re8 24. Rb8 f6 25. Bxh7+ Kf8 26. Rxe8+ Qxe8 27. Qd6+ Qe7 28. Qb8+ Kf7 29. Qg8# 1-0

[Event "Early-Titled-Tuesday-Blitz-May-28-2024"]
[Site "Chess.com"]
[Date "2024.05.28"]
[Round "2"]
[White "bazar-wokzal"]
[Black "chessdjw"]
[Result "1-0"]
[WhiteElo "2581"]
[BlackElo "2793"]
[TimeControl "180+1"]
[EndTime "8:17:19 PDT"]
[Termination "bazar-wokzal won by checkmate"]

1. e4 e5 2. Bc4 Nf6 3. d3 c6 4.
Nf3 d5 5. Bb3 Bb4+ 6. c3 Bd6 7.
Bg5 dxe4 8. dxe4 h6 9. Bh4 O-O 10. Nbd2 Qe7 11. Qe2 Be6 12. h3 Nbd7 13. g4 g5 14. Bg3 Bxb3 15. axb3 b5 16. Nh2 a5 17. Nhf1 Bc5 18. h4 Rfd8 19. hxg5 hxg5 20. Ne3 Bxe3 21. Qxe3 Nxg4 22. Qf3 Qe6 23. Rh5 f6 24. O-O-O Nc5 25. Rdh1 a4 26. Rh8+ Kg7 27. R8h7+ Kg8 28. Rh8+ Kg7 29.
R1h7+ Kg6 30. Qh1 Nxb3+ 31. Nxb3 axb3 32. Qh5# 1-0

[Event "Early-Titled-Tuesday-Blitz-May-28-2024"]
[Site "Chess.com"]
[Date "2024.05.28"]
[Round "2"]
[White "Nf3c5"]
[Black "topce"]
[Result "0-1"]
[WhiteElo "2564"]
[BlackElo "2387"]
[TimeControl "180+1"]
[EndTime "8:17:20 PDT"]
[Termination "topce won on time"]

1. e4 c5 2. Nc3 Nc6 3. Bb5 Nd4 4. Nf3 Nxb5 5. Nxb5 d6 6. d4 a6 7. Nc3 cxd4 8. Qxd4 e5 9. Qd3 h6 10. a4 Be6 11.
Nd2 Rc8 12. b3 Qc7 13. Bb2 Nf6 14. Nf1 d5 15. exd5 e4 16. Nxe4 Nxe4 17. Qxe4 Qxc2 18. Qxc2 Rxc2 19. dxe6 Bb4+ 20. Kd1 Rxb2 21. Ne3 fxe6 22.
Nc4 Rxf2 23. Rc1 b5 24. axb5 axb5 0-1

[Event "Early-Titled-Tuesday-Blitz-May-28-2024"]
[Site "Chess.com"]
[Date "2024.05.28"]
[Round "2"]
[White "Muracle"]
[Black "KNVB"]
[Result "1-0"]
[WhiteElo "2566"]
[BlackElo "2764"]
[TimeControl "180+1"]
[EndTime "8:17:21 PDT"]
[Termination "Muracle won on time"]

1. d4 Nf6 2. g3 d5 3. Bg2 b5 4. Nf3 Bb7 5. O-O e6 6. a4 b4 7. a5 Na6 8. Ne5 Bd6 9. c4 bxc3 10.
Nxc3 O-O 11. Nb5 Nd7 12. Nxd6 cxd6 13. Nd3 Bc6 14. Bf4 Nf6 15. Qc2 Qd7 16. Rfc1 Rfc8 17.
Qd2 Rab8 18. Rc2 Bb5 19. Rac1 Rxc2 20. Qxc2 h6 21. h4 Ne4 22. f3 Nf6 23. Kh2 Ne8 24.
g4 Qb7 25. Qd2 Bxd3 26. Qxd3 Qb4 27. Qxa6 Qxb2 28. Rc8 Rxc8 29. Qxc8 Qxe2 30. Qxe8+ Kh7 31.
Qxf7 1-0

[Event "Early-Titled-Tuesday-Blitz-May-28-2024"]
[Site "Chess.com"]
[Date "2024.05.28"]
[Round "2"]
[White "luggevoila"]
[Black "Alphafischer2019"]
[Result "0-1"]
[WhiteElo "2345"]
[BlackElo "2684"]
[TimeControl "180+1"]
[EndTime "8:17:21 PDT"]
[Termination "Alphafischer2019 won by resignation"]

1. e4 c5 2. Nf3 Nc6 3. Bb5 Nf6 4. Nc3 Qc7 5. O-O Nd4 6. Bc4 e5 7. d3 Be7 8. Bg5 d6 9. Bxf6 Bxf6 10. Nd5 Qd8 11.
c3 Nc6 12. Re1 O-O 13. Nd2 Bg5 14. Nf1 g6 15. a4 Kh8 16. Nfe3 f5 17. exf5 gxf5 18. Qh5 f4 19. Ng4 Bf5 20. Ngf6 Rxf6 21. Qxg5 Rf8 22. Qh6 Bg6 23. f3 Ne7 24. Nxe7 Qxe7 25.
d4 cxd4 26. cxd4 Rf5 27. dxe5 dxe5 28. Qh3 Qc5+ 0-1

[Event "Early-Titled-Tuesday-Blitz-May-28-2024"]
[Site "Chess.com"]
[Date "2024.05.28"]
[Round "2"]
[White "Polish_fighter3000"]
[Black "MikeSailer"]
[Result "1-0"]
[WhiteElo "3105"]
[BlackElo "2072"]
[TimeControl "180+1"]
[EndTime "8:17:21 PDT"]
[Termination "Polish_fighter3000 won by checkmate"]

1. f4 d5 2. Nf3 g6 3. e3 Bg7 4.
d4 Nh6 5. c4 c6 6. Nc3 a6 7. a4 Bg4 8. Qb3 Ra7 9. cxd5 Bxf3 10.
gxf3 O-O 11. Bd3 cxd5 12. Qxd5 Qc8 13. h4 Nc6 14. Qc5 e6 15. h5 Ra8 16. Bd2 Qd7 17. hxg6 hxg6 18. Qg5 Nb4 19. Rxh6 Nxd3+ 20. Ke2 Nxf4+ 21.
Qxf4 Bxh6 22. Qxh6 Rfc8 23. Ne4 Qe7 24. Bb4 Rc2+ 25.
Kd3 Qd8 26. Bf8 Qxf8 27. Nf6# 1-0

[Event "Early-Titled-Tuesday-Blitz-May-28-2024"]
[Site "Chess.com"]
[Date "2024.05.28"]
[Round "2"]
[White "N_I_Chess"]
[Black "MVM2008"]
[Result "0-1"]
[WhiteElo "2216"]
[BlackElo "2490"]
[TimeControl "180+1"]
[EndTime "8:17:21 PDT"]
[Termination "MVM2008 won on time"]

1. d4 Nf6 2. c4 e6 3. Nc3 Bb4 4. Bd2 c5 5. e3 O-O 6. Bd3 d5 7. Nge2 dxc4 8. Bxc4 Nc6 9. dxc5 Bxc5 10.
O-O Ne5 11. Bb3 Nfg4 12. h3 Qh4 13. Nf4 Nf6 14. Rc1 Rd8 15. Qc2 g5 16. Ne4 gxf4 17. Nxf6+ Qxf6 18. Qxc5 Rxd2 19. exf4 Qxf4 20. Qc7 Bd7 21.
Rce1 Nf3+ 22. gxf3 Qxc7 0-1

[Event "Early-Titled-Tuesday-Blitz-May-28-2024"]
[Site "Chess.com"]
[Date "2024.05.28"]
[Round "2"]
[White "Adar_07"]
[Black "UK_23"]
[Result "1-0"]
[WhiteElo "2762"]
[BlackElo "2413"]
[TimeControl "180+1"]
[EndTime "8:17:23 PDT"]
[Termination "Adar_07 won by resignation"]

1. e4 c5 2. Nf3 e6 3. d4 cxd4 4. Nxd4 Nf6 5. Nc3 Nc6 6. Ndb5 Bc5 7. Bf4 e5 8. Bg5 Qb6 9. Nd6+ Kf8 10. Qd2 Ng4 11. Qd5 Bxf2+ 12. Kd1 Qd4+ 13. Bd3 Qxd5 14. exd5 Ne7 15. Rf1 f6 16. Ke2 Bc5 17. Nde4 d6 18. h3 Kg8 19. Bd2 f5 20. Nxc5 dxc5 21. hxg4 fxg4 22.
d6 Ng6 23. Bc4+ 1-0

[Event "Early-Titled-Tuesday-Blitz-May-28-2024"]
[Site "Chess.com"]
[Date "2024.05.28"]
[Round "2"]
[White "Fernando_Offermann"]
[Black "lluiss"]
[Result "1-0"]
[WhiteElo "2475"]
[BlackElo "2163"]
[TimeControl "180+1"]
[EndTime "8:17:23 PDT"]
[Termination "Fernando_Offermann won by resignation"]

1. e4 c5 2. c3 d5 3. d3 Nc6 4.
Nd2 Nf6 5. Ngf3 e5 6. g3 Be7 7.
Bg2 O-O 8. O-O h6 9. Re1 dxe4 10. dxe4 Qc7 11. h3 Rd8 12. Qe2 b6 13. a3 a5 14. Nh4 Ba6 15. Qf3 g6 16. Nf1 Kg7 17. Ne3 Ng8 18. Nd5 Qb8 19. Qg4 Bxh4 20. Qxh4 Bc4 21.
f4 Bxd5 22. exd5 Nce7 23. c4 Nf5 24. Qg4 Re8 25. fxe5 Rxe5 26. Bf4 Rxe1+ 27. Rxe1 Qf8 28. Be5+ f6 29. Bc3 Re8 30. Re6 Rxe6 31. dxe6 Qd6 32. Bd5 Qxg3+ 33. Qxg3 Nxg3 34. Kg2 Nf5 35. Kf3 Nge7 36.
Bb7 Nd4+ 37. Ke4 Ndc6 38. Be1 Nd8 39. Ba6 Nxe6 40. Bg3 Nd4 41. Bc7 Nec6 42. Bxb6 f5+ 43. Kd5 Kf6 44. Bxc5 f4 45. Bxd4+ Nxd4 46. Kxd4 Kf5 47.
Bc8+ 1-0

[Event "Early-Titled-Tuesday-Blitz-May-28-2024"]
[Site "Chess.com"]
[Date "2024.05.28"]
[Round "2"]
[White "atbenina64"]
[Black "KononenkoD"]
[Result "0-1"]
[WhiteElo "2792"]
[BlackElo "2580"]
[TimeControl "180+1"]
[EndTime "8:17:25 PDT"]
[Termination "KononenkoD won by resignation"]

1. c4 c5 2. Nf3 Nc6 3. Nc3 g6 4. e3 Nf6 5. d4 cxd4 6. exd4 d5 7. cxd5 Nxd5 8. Qb3 Nxc3 9. Bc4 e6 10. bxc3 Bg7 11. Bg5 Qc7 12. Qa3 Qa5 13. Qxa5 Nxa5 14. Bb5+ Bd7 15. a4 a6 16. Bxd7+ Kxd7 17. Rb1 Rac8 18.
Ne5+ Bxe5 19. dxe5 Rc5 20. O-O Rhc8 21. Rfd1+ Rd5 22.
Rxd5+ exd5 23. Bf6 Ke6 24. f4 Rxc3 25. Bd8 Rb3 26.
Rd1 Nc4 27. a5 h5 28. g3 Rb5 29. Ra1 d4 30. Kf2 Kd5 31. h3 Rb2+ 32. Kg1 d3 33.
Rd1 Ke4 34. g4 hxg4 35. hxg4 d2 36. Kf2 Ne3 0-1

[Event "Early-Titled-Tuesday-Blitz-May-28-2024"]
[Site "Chess.com"]
[Date "2024.05.28"]
[Round "2"]
[White "ab-lsv"]
[Black "Grebnev_A"]
[Result "0-1"]
[WhiteElo "2327"]
[BlackElo "2541"]
[TimeControl "180+1"]
[EndTime "8:17:25 PDT"]
[Termination "Grebnev_A won on time"]

1. d4 Nf6 2. c4 e6 3. Nc3 Bb4 4.
Qc2 h6 5. Nf3 c5 6. dxc5 Na6 7.
a3 Bxc3+ 8. Qxc3 Nxc5 9. e3 a5 10. b3 b6 11. Be2 O-O 12. Bb2 Ba6 13. O-O d5 14. Rfd1 Qe7 15. Bf1 a4 16. b4 Nb3 17.
cxd5 Bxf1 18. d6 Qd7 19. Kxf1 Nxa1 20. Bxa1 Qb5+ 21. Kg1 Rac8 22. Qe5 Qd3 23. Qd4 Qxa3 24. d7 Rcd8 25. Ne5 Kh8 26. g3 Qb3 27. Rc1 Qd5 28. Qf4 Kg8 29. Bd4 Nxd7 30. Nxd7 Rxd7 31. Qg4 e5 32. Bxb6 a3 33. Bc5 Ra8 34. Ra1 a2 0-1

[Event "Early-Titled-Tuesday-Blitz-May-28-2024"]
[Site "Chess.com"]
[Date "2024.05.28"]
[Round "2"]
[White "alex1531"]
[Black "pfalcon1949"]
[Result "1-0"]
[WhiteElo "2439"]
[BlackElo "1915"]
[TimeControl "180+1"]
[EndTime "8:17:25 PDT"]
[Termination "alex1531 won by resignation"]

1. e4 e6 2. d4 d5 3. Nc3 Bb4 4. exd5 exd5 5. Bd3 Nf6 6. Ne2 O-O 7. Bg5 h6 8. Bh4 c6 9. Qd2 Re8 10. O-O-O Nbd7 11. f3 Qa5 12. g4 b5 13. g5 hxg5 14. Qxg5 Bxc3 15. Nxc3 b4 16. Rhg1 Kf8 17. Qxg7+ Ke7 18.
Rge1+ Kd8 19. Bxf6+ Nxf6 20. Qxf6+ Kc7 21. Rxe8 bxc3 22.
Qd8+ 1-0

[Event "Early-Titled-Tuesday-Blitz-May-28-2024"]
[Site "Chess.com"]
[Date "2024.05.28"]
[Round "2"]
[White "HanSchut"]
[Black "mangochessgo"]
[Result "0-1"]
[WhiteElo "2362"]
[BlackElo "2585"]
[TimeControl "180+1"]
[EndTime "8:17:26 PDT"]
[Termination "mangochessgo won on time"]

1. e4 Nf6 2. e5 Nd5 3. d4 d6 4.
c4 Nb6 5. f4 g6 6. Nc3 Bg7 7.
Be3 Be6 8. b3 O-O 9. Rc1 dxe5 10. fxe5 c5 11. dxc5 N6d7 12. Nf3 Nc6 13. Be2 Ndxe5 14.
O-O Ng4 15. Bf4 Qa5 16. Nd5 Qxc5+ 17. Kh1 Rad8 18. Qe1 Bxd5 19. cxd5 Qxd5 20. Qg3 Nf6 21. Rfd1 Qe4 22. Ng1 Nd4 23. Bd3 Nf5 0-1

[Event "Early-Titled-Tuesday-Blitz-May-28-2024"]
[Site "Chess.com"]
[Date "2024.05.28"]
[Round "2"]
[White "ajedrez1101"]
[Black "VD_coach"]
[Result "1-0"]
[WhiteElo "2375"]
[BlackElo "2505"]
[TimeControl "180+1"]
[EndTime "8:17:28 PDT"]
[Termination "ajedrez1101 won by resignation"]

1. b3 Nf6 2. Bb2 g6 3. Bxf6 exf6 4. c4 d5 5. cxd5 Qxd5 6. Nc3 Qd6 7. a3 Bg7 8. g3 f5 9. Bg2 O-O 10. e3 c5 11.
Nge2 Nc6 12. O-O a6 13. Rc1 Be6 14. Na4 c4 15. Nb6 cxb3 16. Nxa8 b2 17. Rb1 Rxa8 18. d4 Qxa3 19. Qd2 Rc8 20. Qxb2 Qxb2 21. Rxb2 b5 22. Rc2 Bc4 23. Re1 Nb4 24. Rc3 Re8 25. Nf4 Bxd4 26. Rxc4 bxc4 27. Rc1 Rxe3 28. Rxc4 Re1+ 29. Bf1 1-0

[Event "Early-Titled-Tuesday-Blitz-May-28-2024"]
[Site "Chess.com"]
[Date "2024.05.28"]
[Round "2"]
[White "highlama"]
[Black "zverr1"]
[Result "1-0"]
[WhiteElo "2407"]
[BlackElo "2629"]
[TimeControl "180+1"]
[EndTime "8:17:29 PDT"]
[Termination "highlama won by resignation"]

1. c4 c5 2. Nf3 Nc6 3. g3 g6 4. Bg2 e5 5. O-O Bg7 6. Nc3 d6 7. a3 Be6 8. d3 a5 9. Ng5 Nge7 10. Nxe6 fxe6 11. Bh3 Nf5 12. Rb1 O-O 13. Bd2 Qe7 14. Ne4 h6 15. Nc3 Kh7 16. e3 Rfd8 17. Qc2 d5 18. Na4 Rac8 19. cxd5 exd5 20. Qxc5 Qf7 21.
Nb6 Rc7 22. Rfc1 Bf8 23. Qb5 Bg7 24. Bg2 e4 25. d4 Re7 26. Bxa5 Rf8 27. Be1 h5 28. Qxd5 Qf6 29. Nd7 Rxd7 30. Qxd7 Nfxd4 31. exd4 Nxd4 32. Rc7 Ne6 33. Rxb7 Qf5 34. Rd1 Qe5 35.
Rd5 Qf6 36. Rd6 Rd8 37. Qxe6 Rxd6 38. Qxf6 Rxf6 39. Bc3 1-0

[Event "Early-Titled-Tuesday-Blitz-May-28-2024"]
[Site "Chess.com"]
[Date "2024.05.28"]
[Round "2"]
[White "shimastream"]
[Black "HATilay"]
[Result "1-0"]
[WhiteElo "3041"]
[BlackElo "2632"]
[TimeControl "180+1"]
[EndTime "8:17:30 PDT"]
[Termination "shimastream won by checkmate"]

1. d4 Nf6 2. c4 e6 3. Nc3 Bb4 4. e3 O-O 5. Ne2 d5 6. a3 Be7 7.
cxd5 exd5 8. b4 c6 9. Ng3 b6 10. Bd3 Bb7 11. O-O Re8 12. Rb1 Nbd7 13. f3 Nf8 14. Nce2 Ne6 15. Bc2 Ba6 16. e4 dxe4 17. fxe4 Bxe2 18. Nxe2 Qd7 19. Qd3 g6 20. Bb2 Ng5 21.
Ng3 Ng4 22. h3 Nf6 23. d5 Nfxe4 24. Qd4 Bf6 25. Rxf6 Nxg3 26. Rf2 f6 27. Qxf6 Nh5 28.
Qh8# 1-0

[Event "Early-Titled-Tuesday-Blitz-May-28-2024"]
[Site "Chess.com"]
[Date "2024.05.28"]
[Round "2"]
[White "andrzej"]
[Black "Grandmaster1369"]
[Result "0-1"]
[WhiteElo "2476"]
[BlackElo "2806"]
[TimeControl "180+1"]
[EndTime "8:17:30 PDT"]
[Termination "Grandmaster1369 won by resignation"]

1. e4 c5 2. Nf3 e6 3. d4 cxd4 4. Nxd4 Nf6 5. Bd3 Nc6 6. Nxc6 bxc6 7. O-O d5 8. Nd2 Bd6 9. c4 O-O 10. b3 d4 11. e5 Bxe5 12. Nf3 Bc7 13. Nxd4 Qd6 14.
Nf3 Rd8 15. Bc2 Qc5 16. Qe2 e5 17. Ng5 Bg4 18. Qe3 Qxe3 19. Bxe3 Be2 20. Rfe1 Bd3 21. Bxd3 Rxd3 22. Rad1 Rad8 23. Rxd3 Rxd3 24. Bxa7 Rd2 25. f3 Rxa2 26. Bc5 Nd7 27. Bf2 h6 28. Ne4 f5 29.
Rd1 fxe4 30. Rxd7 Ra1+ 31. Be1 Ba5 32. Kf1 Rxe1+ 33. Kf2 e3+ 34. Kg3 Rf1 0-1

[Event "Early-Titled-Tuesday-Blitz-May-28-2024"]
[Site "Chess.com"]
[Date "2024.05.28"]
[Round "2"]
[White "Thebigsqueeze"]
[Black "colegiodemadrid"]
[Result "1-0"]
[WhiteElo "2313"]
[BlackElo "2505"]
[TimeControl "180+1"]
[EndTime "8:17:30 PDT"]
[Termination "Thebigsqueeze won by resignation"]

1. d4 Nf6 2. c4 e6 3. Nf3 b6 4. g3 Bb7 5. Bg2 Bb4+ 6. Bd2 Be7 7. O-O O-O 8. Bf4 d6 9. Qd3 Be4 10. Qb3 Nc6 11. Rd1 Qc8 12. Nc3 Bg6 13. Nh4 Na5 14.
Qa4 Rb8 15. Nxg6 hxg6 16. c5 dxc5 17. dxc5 Qe8 18. c6 Qc8 19. Nb5 Bd8 20. b4 Nc4 21. Qc2 e5 22. Bg5 a6 23. Qxc4 axb5 24. Qxb5 Qe6 25.
Bxf6 Bxf6 26. Rd7 Rbc8 27. Rad1 Qxa2 28. Bd5 Qc2 29. Bc4 e4 30. Qd5 e3 31. fxe3 Qc3 32. Rxf7 Rxf7 33. Qxf7+ Kh7 34. Qe6 Qe5 35. Qxc8 Qxe3+ 36.
Kf1 g5 37. Qh3+ Kg6 38. Bd3+ Kf7 39. Qd7+ Kf8 40. Bc4 Be7 41. Qc8+ 1-0

[Event "Early-Titled-Tuesday-Blitz-May-28-2024"]
[Site "Chess.com"]
[Date "2024.05.28"]
[Round "2"]
[White "GM_Huschenbeth"]
[Black "ChessboArt"]
[Result "1-0"]
[WhiteElo "2496"]
[BlackElo "2221"]
[TimeControl "180+1"]
[EndTime "8:17:30 PDT"]
[Termination "GM_Huschenbeth won by resignation"]

1. e4 c6 2. d4 d5 3. Nc3 g6 4. e5 Bg7 5. f4 Nh6 6. Be3 O-O 7. Nf3 f6 8. Bd3 Bg4 9. exf6 exf6 10.
h3 Bxf3 11. Qxf3 f5 12. O-O-O Nd7 13. g4 b5 14. Kb1 Nb6 15. b3 a5 16. Ne2 Qd7 17.
Rdg1 b4 18. Ng3 fxg4 19. hxg4 Qxg4 20. Qf2 Qe6 21. f5 Nxf5 22. Nxf5 gxf5 23. Qh4 Qxe3 24.
Qxh7+ Kf7 25. Qxg7+ Ke8 26. Re1 1-0

[Event "Early-Titled-Tuesday-Blitz-May-28-2024"]
[Site "Chess.com"]
[Date "2024.05.28"]
[Round "2"]
[White "TitarovVasiliYouTube"]
[Black "Thunderbolt135"]
[Result "0-1"]
[WhiteElo "2584"]
[BlackElo "2882"]
[TimeControl "180+1"]
[EndTime "8:17:32 PDT"]
[Termination "Thunderbolt135 won by resignation"]

1. g3 e5 2. Bg2 Nf6 3. d3 d5 4. Nd2 Nc6 5. Ngf3 Bc5 6. O-O O-O 7. e4 dxe4 8. dxe4 a5 9. a4 Qe7 10. c3 Rd8 11. Qe2 b6 12. Nc4 Ba6 13. b3 Ne8 14.
Be3 Bxe3 15. Qxe3 Bxc4 16. bxc4 Nd6 17. Nd2 Nb7 18. Nb3 Qe6 19. Qe2 Nd6 20. Nd2 Nb8 21. f4 Nd7 22. f5 Qe7 23. g4 Nc5 24. Qe3 f6 25. h4 Qf7 26. Qe2 Qe8 27. g5 Nxa4 28.
Rf3 Nc5 29. Rg3 Kh8 30. Qe3 Qf7 31. g6 Qg8 32. gxh7 Qxh7 33. h5 Nf7 34. Bf1 Qh6 35.
Kf2 Rxd2+ 36. Kg1 Qxe3+ 37. Rxe3 Rad8 38. h6 0-1

[Event "Early-Titled-Tuesday-Blitz-May-28-2024"]
[Site "Chess.com"]
[Date "2024.05.28"]
[Round "2"]
[White "jraosam"]
[Black "ccccvhhhj"]
[Result "0-1"]
[WhiteElo "2102"]
[BlackElo "2458"]
[TimeControl "180+1"]
[EndTime "8:17:32 PDT"]
[Termination "ccccvhhhj won by resignation"]

1. e4 e6 2. d4 d5 3. exd5 exd5 4. Bd3 Nf6 5. Ne2 Bg4 6. O-O Be7 7. f3 Bh5 8. Bf4 c6 9. c3 O-O 10. Nd2 Nbd7 11. Qc2 Bg6 12. Rfe1 Re8 13. Bg3 Nh5 14. Nf1 Nxg3 15. Nfxg3 Bd6 16. Bxg6 hxg6 17. Rad1 Qc7 18. Nf1 Re7 19. Neg3 Rae8 20. Qf2 Qd8 21. Rxe7 Qxe7 22.
Rd2 Kf8 23. Re2 Qd8 24. Rxe8+ Qxe8 25. Qe2 Qd8 26. Qe3 Qb6 27. b3 Qa5 28. Qd2 Nf6 29. Ne3 Bf4 30. Ne2 Bxe3+ 31. Qxe3 Qxa2 32. b4 Qb1+ 33. Kf2 Qf5 34. Ke1 b6 35. Nf4 a5 36. bxa5 bxa5 37.
Nd3 a4 38. Kd2 a3 39. Kc2 Qc8 40. Kb3 Qa8 41. Nb4 Nd7 42. Qf4 a2 43. Qd6+ Kg8 44.
Nxa2 Nb6 45. Nb4 Qa4+ 0-1

[Event "Early-Titled-Tuesday-Blitz-May-28-2024"]
[Site "Chess.com"]
[Date "2024.05.28"]
[Round "2"]
[White "TatjanaVasilevich"]
[Black "Tol_Tol"]
[Result "1-0"]
[WhiteElo "2610"]
[BlackElo "2375"]
[TimeControl "180+1"]
[EndTime "8:17:33 PDT"]
[Termination "TatjanaVasilevich won on time"]

1. d4 Nf6 2. c4 g6 3. Nc3 Bg7 4. e4 O-O 5. f4 d6 6. Nf3 c5 7. d5 e6 8. Bd3 exd5 9. cxd5 Bg4 10. O-O Re8 11. h3 Bxf3 12. Qxf3 Nbd7 13. Be3 Rc8 14.
Rfe1 c4 15. Bf1 Nc5 16. Bd4 b5 17. e5 Nfd7 18. Nxb5 dxe5 19. Nd6 Nb6 20. fxe5 Qd7 21. Nxc8 Rxc8 22. Rad1 Qxd5 23. Qxd5 Nxd5 24. Bxc4 Nb6 25. Rc1 Ne6 26. Bxe6 fxe6 27. Bxb6 Rxc1 28. Rxc1 axb6 29. Rc8+ Kf7 30. Rc7+ Kf8 31. b3 Bxe5 32. Rxh7 Bd4+ 33. Kf1 e5 34. Ke2 e4 35. Rd7 Bc5 36. Rd5 Kf7 37.
Re5 e3 38. Rxe3 1-0

[Event "Early-Titled-Tuesday-Blitz-May-28-2024"]
[Site "Chess.com"]
[Date "2024.05.28"]
[Round "2"]
[White "Rsnr"]
[Black "JonasEilenberg"]
[Result "1-0"]
[WhiteElo "2907"]
[BlackElo "2604"]
[TimeControl "180+1"]
[EndTime "8:17:35 PDT"]
[Termination "Rsnr won by resignation"]

1. d4 d5 2. Nf3 Nf6 3. c4 e6 4. e3 a6 5. b3 Be7 6. Bd3 O-O 7. O-O Nbd7 8. Bb2 b6 9. Nc3 Bb7 10. Qc2 Rc8 11. e4 dxc4 12. bxc4 e5 13. Nd5 c6 14. Nxf6+ Bxf6 15. dxe5 Be7 16. Rad1 Nc5 17.
Be2 Qc7 18. Nd4 g6 19. f4 Rfd8 20. Bg4 Ra8 21. e6 f6 22. f5 g5 23. Rde1 Bd6 24. Nf3 Qe7 25. e5 fxe5 26. Nxe5 Bxe5 27. Bxe5 Nd3 28.
f6 Qc5+ 29. Kh1 Nxe5 30. e7 Nxg4 31. f7+ Kg7 32. e8=Q Rxe8 33. Rxe8 1-0

[Event "Early-Titled-Tuesday-Blitz-May-28-2024"]
[Site "Chess.com"]
[Date "2024.05.28"]
[Round "2"]
[White "WolfBaoBaoLang"]
[Black "RamonManon0g"]
[Result "1-0"]
[WhiteElo "2054"]
[BlackElo "2428"]
[TimeControl "180+1"]
[EndTime "8:17:35 PDT"]
[Termination "WolfBaoBaoLang won by resignation"]

1. e4 c5 2. Nf3 d6 3. d4 cxd4 4. Nxd4 Nf6 5. Nc3 a6 6. h3 e5 7. Nb3 h5 8. Bg5 Be7 9. Be2 Be6 10. Qd2 Nbd7 11. O-O O-O 12. Be3 b5 13. Bf3 Nb6 14. Nd5 Nfxd5 15. exd5 Nc4 16. Qd3 Bd7 17. Bxh5 f5 18.
Qe2 Nxb2 19. Bg6 Be8 20. Qh5 Bxg6 21. Qxg6 Rc8 22. f4 Rxc2 23. fxe5 Nc4 24. Bh6 Bf6 25. exf6 Qxf6 26. Qxf6 Rxf6 27. Bf4 Rg6 28. Rf2 Rc3 29. Nd4 Rxh3 30. Nxf5 Rd3 31. Ne7+ Kh7 32. Nxg6 Kxg6 33. Re1 Rxd5 34. Rf3 b4 35. Rg3+ Kf5 36. Bc1 a5 37. Rg5+ Kf6 38. Rxd5 1-0

[Event "Early-Titled-Tuesday-Blitz-May-28-2024"]
[Site "Chess.com"]
[Date "2024.05.28"]
[Round "2"]
[White "ArchibaldCerveza29"]
[Black "Galileo22"]
[Result "0-1"]
[WhiteElo "2376"]
[BlackElo "2617"]
[TimeControl "180+1"]
[EndTime "8:17:38 PDT"]
[Termination "Galileo22 won on time"]

1. e4 c5 2. c3 d5 3. exd5 Qxd5 4. d4 cxd4 5. cxd4 Nc6 6. Nf3 Bg4 7. Be2 e6 8. Nc3 Bb4 9. O-O Qa5 10. h3 Bxf3 11. Bxf3 Nge7 12. Ne4 Nf5 13. a3 Be7 14. Be3 Rd8 15. b4 Qc7 16. Rc1 Qb8 17. Qa4 O-O 18.
d5 exd5 19. Nc5 Nxe3 20. fxe3 Ne5 21. Qb5 b6 22. Na6 Qd6 23. Nc7 Nxf3+ 24. Rxf3 Rc8 25. Qc6 Qxc6 26. Rxc6 Bd8 27. Rd6 Rxc7 28. Rxd5 Bf6 29. g4 Bb2 30. a4 Rfc8 31. Kg2 f6 32. g5 Be5 33. h4 h5 34. gxf6 gxf6 35. Rf2 Rg7+ 36.
Kf3 Rc4 0-1

[Event "Early-Titled-Tuesday-Blitz-May-28-2024"]
[Site "Chess.com"]
[Date "2024.05.28"]
[Round "2"]
[White "patzer-reloaded"]
[Black "CixPer1968"]
[Result "1-0"]
[WhiteElo "2474"]
[BlackElo "2155"]
[TimeControl "180+1"]
[EndTime "8:17:38 PDT"]
[Termination "patzer-reloaded won on time"]

1. d3 d5 2. Nf3 Nf6 3. g3 c6 4.
Bg2 Bg4 5. O-O Nbd7 6. c4 e5 7. cxd5 cxd5 8. Qa4 Bd6 9. Bg5 O-O 10. Qxg4 Nxg4 11. Bxd8 Raxd8 12. Nc3 Ngf6 13. Nd2 Nb6 14.
Nb3 Rfe8 15. Rac1 a6 16. a4 a5 17. Nxa5 Re7 18. Nb5 Bb4 19. Nb3 Nxa4 20. Rc2 e4 21. Ra1 Nb6 22. N3d4 g6 23. Bh3 exd3 24. exd3 Rde8 25.
Kg2 h5 26. Ra7 Kg7 27. Nc7 Rc8 28. Rxb7 Na8 29. Bxc8 1-0